 Dungeon Crawl Stone Soup version 0.31.0-1-g2c135a0 (webtiles) character file.

Game seed: 4613021658862500854

86 Think the Ducker (level 4, 0/31 HPs)
             Began as an Octopode Fighter on Feb 26, 2024.
             Succumbed to an adder's poison
             ... on level 3 of the Dungeon.
             The game lasted 00:02:20 (1189 turns).

Think the Ducker (Octopode Fighter)                 Turns: 1189, Time: 00:02:20

Health: 0/31       AC:  3    Str: 19    XL:     4   Next: 49%
Magic:  1/4        EV: 14    Int:  9    God:
Gold:   95         SH:  4    Dex: 12    Spells: 3/3 levels left

rFire   . . .        a - +0 long sword
rCold   . . .        b - +0 buckler
rNeg    . . .        (helmet restricted)
rPois   .            h - amulet of guardian spirit
rElec   .            (no ring)
rCorr   .            (no ring)
SInv    .            (no ring)
Will    .....        (no ring)
Stlth   +++          (no ring)
HPRegen 0.25/turn    (no ring)
MPRegen 0.09/turn    (no ring)
                     (no ring)

%: guardian spirit
@: lethally poisoned (0 -> -3)
A: almost no armour, amphibious, 8 rings, camouflage 1, gelatinous body 1,
(nimble swimmer 1), tentacles, iridescent scales 1, screaming 1, strong 1
a: no special abilities


You were on level 3 of the Dungeon.
You visited 1 branch of the dungeon, and saw 3 of its levels.

You collected 95 gold pieces.

Inventory:

Hand Weapons
 a - a +0 long sword (weapon)
Missiles
 f - 5 poisoned darts (quivered)
Armour
 b - a +0 buckler (worn)
Jewellery
 h - an amulet of guardian spirit (around mantle)
Scrolls
 e - a scroll of fog {unknown}
 g - a scroll of enchant weapon {unknown}
 i - a scroll of teleportation {unknown}
Potions
 c - a potion of curing {unknown}
 d - 2 potions of ambrosia {unknown}
 j - a potion of haste {unknown}


   Skills:
 - Level 3.0 Fighting
 - Level 2.0 Long Blades
 + Level 4.2 Dodging
 * Level 3.9 Stealth
 - Level 3.0 Shields


You had 3 spell levels left.
You didn't know any spells.
Your spell library contained the following spells:

 Spells                   Type           Power      Damage    Failure   Level
 Necrotise                Necr           0%         1d4       45%         1
 Vampiric Draining        Necr           0%         2d6       83%         3
 Martyr's Knell           Necr/Summ      0%         N/A       99%         4
 Curse of Agony           Necr           0%         N/A       100%        5


Dungeon Overview and Level Annotations

Branches:
Dungeon (3/15)

Altars:

Annotations:
D:2 Terence


Innate Abilities, Weirdness & Mutations

You cannot wear most types of armour.
You are amphibious.
You can wear up to eight rings at the same time.
Your skin changes colour to match your surroundings (Stealth+).
Your rubbery body absorbs attacks. (AC +1, EV +1)
((You are camouflaged when in or above water. (Stealth+)))
You have tentacles for arms and can constrict up to eight enemies at once.
You are partially covered in iridescent scales. (AC +2)
You occasionally shout uncontrollably at your foes.
Your muscles are strong. (Str +4, Int/Dex -1)


Message History

You hit the ball python. You grab the ball python.
The ball python is severely wounded.
You constrict the ball python.
You kill the ball python!
You feel sick. The bat hits you but does no damage.
An adder comes into view.
You barely miss the bat. Your grab misses the bat.
You feel sick. The bat misses you. The bat closely misses you.
Grinder barely misses you.
You hit Grinder but do no damage. Your grab misses Grinder.
You squeeze Grinder.
Grinder is lightly wounded.
You feel sick.
You are no longer poisoned.
The bat barely misses you. You block the bat's attack. Grinder misses you.
The frilled lizard hisses angrily.
You slash Grinder! Your grab misses Grinder.
Grinder is moderately wounded.
The bat misses you. Grinder closely misses you.
The bat hits you but does no damage.
You completely miss Grinder. Your grab misses Grinder. You squeeze Grinder!
Grinder is severely wounded.
The bat hits you. Grinder gestures at you. Pain shoots through your body!
The adder bites you.
The frilled lizard completely misses you.
Grinder barely misses you. The bat completely misses you.
You hit Grinder. You grab Grinder. Your squeeze misses Grinder.
Grinder is severely wounded.
You constrict Grinder, but do no damage.
The bat hits you but does no damage. The adder closely misses you.
The adder bites you.
You are poisoned.
The adder poisons you! Grinder hits you.
* * * LOW HITPOINT WARNING * * *
You writhe in agony.
* * * LOW HITPOINT WARNING * * *
The frilled lizard bites you but does no damage.
You barely miss Grinder. You squeeze Grinder!
You kill Grinder!
You die...

..5....
#...........#
.......
+....<.####### .
#...##........
.....#...'........
#.. #..##........
#... #..##########
#....#..........
#.....lS..######
.......@..#
..#.....b.# .
#.##+#..... ...
#.....# .##
........ .....##..
...... # #.......


You could see an adder, a bat and a frilled lizard.

Vanquished Creatures
  Grinder (D:3)
  3 adders
  2 dart slugs (D:1)
  A ribbon worm (D:2)
  3 ball pythons
  7 bats
  5 endoplasms
  3 giant cockroaches
  5 goblins
  4 hobgoblins
  2 jackals (D:1)
  6 kobolds
  A quokka (D:2)
  A frilled lizard (D:1)
  2 rats
46 creatures vanquished.

Notes
Turn   | Place    | Note
-------+----------+-------------------------------------------
     0 | D:1      | Think the Octopode Fighter began the quest for the Orb.
     0 | D:1      | Reached XP level 1. HP: 16/16 MP: 1/1
    17 | D:1      | Gained mutation: You are partially covered in iridescent
                  | scales. (AC +2) [potion of mutation]
    17 | D:1      | Gained mutation: You occasionally shout uncontrollably at
                  | your foes. [potion of mutation]
    17 | D:1      | Gained mutation: Your muscles are strong. (Str +4, Int/Dex
                  | -1) [potion of mutation]
    34 | D:1      | Reached XP level 2. HP: 19/21 MP: 2/2
   175 | D:1      | Reached skill level 1 in Stealth
   359 | D:1      | Reached XP level 3. HP: 26/26 MP: 3/3
   689 | D:2      | Reached skill level 4 in Dodging
   718 | D:2      | Reached XP level 4. HP: 23/31 MP: 4/4
  1086 | D:2      | Noticed Terence
  1102 | D:3      | Noticed Grinder
  1188 | D:3      | HP: 1/31 [Grinder (5)]
  1189 | D:3      | Killed Grinder
  1189 | D:3      | Succumbed to an adder's poison

Illustrated notes

Levels and vault maps discovered:
D:1:      lemuel_arrival_hallway, layout_basic
D:2:      layout_basic, minmay_pentomino_r2, uniq_terence
D:3:      layout_basic, nicolae_overflow_hidden_temple,
          gammafunk_ghost_nasty_kobolds, uniq_grinder

Skill      XL: |  1  2  3 |
---------------+----------+-----
Stealth        | 1 3 |  3.9
Dodging        | 4 |  4.2
Fighting       | |  3.0
Long Blades    | |  2.0
Shields        | |  3.0

Action                     |  1- 3 |  4- 6 || total
---------------------------+-------+-------++-------
  Melee: Long sword        |    63 |    27 ||    90
         Constrict         |    12 |     8 ||    20
         Tentacles         |     8 |     8 ||    16
         Punch             |     1 |       ||     1
    Use: Potion            |     2 |       ||     2
   Stab: Sleeping          |     7 |       ||     7
 Armour: Skin              |    21 |    23 ||    44
  Dodge: Dodged            |    40 |    29 ||    69
  Block: Buckler           |    15 |     8 ||    23
